 Dungeon Crawl Stone Soup version bcrawl-1.31.4 (webtiles) character file.

Game seed: 1872483213433898862

502410 Morbidden the Eclecticist (level 15, -4/97 HPs)
             Began as a Fairy Conjurer on June 17, 2021.
             Was a High Priest of Vehumet.
             Slain by an ettin
             ... wielding a +0 dire flail
              (29 damage)
             ... on level 12 of the Dungeon.
             The game lasted 00:35:32 (20724 turns).

Morbidden the Eclecticist (Fairy Conjurer)         Turns: 20724, Time: 00:35:32

Health: -4/97      AC: 26    Str: 11    XL:     15   Next: 45%
Magic:  43/47      EV: 21    Int: 22    God:    Vehumet [*****.]
Gold:   1621       SH: 18    Dex: 18    Spells: 25/49 levels left

rFire    . . .     SeeInvis .   a - +8 quick blade (vamp)
rCold    . . .     Gourm    .   V - +0 medium shield
rNeg     . . .     Faith    .   (armour unavailable)
rPois    .         Spirit   .   t - +2 hat
rElec    .         Reflect  .   D - +5 cloak of Tagrus {MP+9 Str+5 Int-4 Dex+3}
rCorr    .         Harm     .   m - +2 pair of gloves {Dex+3}
MR       +....                  s - +0 pair of boots
Stlth    +.........             H - amulet of the acrobat
HPRegen  0.26/turn              f - ring of wizardry
MPRegen  0.30/turn              k - +6 ring of protection

@: flying evasively, very slightly contaminated
A: small, magic attunement, unstealthy, unfitting armour, able to fly, AC/SH +8
a: Stop Flying, Renounce Religion


You were on level 12 of the Dungeon.
You worshipped Vehumet.
Vehumet was extremely pleased with you.
You were not hungry.

You visited 3 branches of the dungeon, and saw 19 of its levels.
You also visited: Gauntlet and Ice Cave.

You collected 1855 gold pieces.
You spent 234 gold pieces at shops.

Inventory:

Hand Weapons
 a - a +8 vampiric quick blade (weapon)
 b - a +2 dagger of venom
 O - a +6 falchion
Missiles
 p - 694 poisoned tomahawks
 B - 2 throwing nets (quivered) {=f}
Armour
 m - a +2 pair of gloves of dexterity (worn)
 s - a +0 pair of boots (worn)
 t - a +2 hat (worn)
 D - the +5 cloak of Tagrus (worn) {MP+9 Str+5 Int-4 Dex+3}
   (You acquired it on level 1 of the Lair of Beasts)

   It affects your strength (+5).
   It affects your intelligence (-4).
   It affects your dexterity (+3).
   It affects your magic capacity (+9).
 L - a +1 pair of boots
 V - a +0 medium shield (worn)
Jewellery
 f - a ring of wizardry (left hand)
 h - the ring of Bayl Wotre {Ice rElec}
   (You found it in a Gauntlet)

   [ring of ice]

   It enhances your ice magic.
   It makes you vulnerable to fire.
   It protects you from cold.
   It insulates you from electricity.
 k - a +6 ring of protection (right hand)
 u - an uncursed ring of protection from fire
 H - an amulet of the acrobat (around neck)
 T - the ring "Ogingu" {Str+2 Stlth++}
   (You took it off a minotaur in a Gauntlet)

   [ring of stealth]

   It affects your strength (+2).
   It makes you much more stealthy.
 W - an uncursed ring of protection from cold
Wands
 r - a wand of flame (35)
 y - a wand of acid (21)
 A - a wand of iceblast (17)
 M - a wand of random effects (5)
 P - a wand of disintegration (19)
 Q - a wand of polymorph (34)
Scrolls
 c - 4 scrolls of magic mapping
 i - 4 scrolls of identify
 j - 2 scrolls of immolation
 o - 4 scrolls of remove curse
 K - 2 scrolls of blinking
 N - 3 scrolls of amnesia
 S - 3 scrolls of teleportation
 U - a scroll of summoning
 X - a scroll of silence
Potions
 d - 8 potions of curing
 g - 2 potions of experience {unknown}
 l - 3 potions of might {unknown}
 q - 3 potions of lignification {unknown}
 v - 7 potions of mutation
 w - 8 potions of heal wounds
 x - 4 potions of flight {unknown}
 z - 6 potions of brilliance {unknown}
 C - 3 potions of magic
 E - 2 potions of invisibility {unknown}
 F - a potion of resistance {unknown}
 G - a potion of haste {unknown}
 I - a potion of berserk rage {unknown}
 J - a potion of agility {unknown}
 R - 2 potions of cancellation {unknown}
Comestibles
 e - 35 rations {!d}
 n - 10 chunks of flesh


   Skills:
 * Level 7.3 Fighting
 * Level 5.7 Short Blades
 + Level 0.1(2.8) Long Blades
 + Level 0.1 Throwing
 * Level 11.5 Dodging
 + Level 2.6 Stealth
 * Level 5.5 Shields
 + Level 0.9 Unarmed Combat
 * Level 17.7 Spellcasting
 * Level 14.3 Conjurations
 + Level 0.8 Charms
 * Level 7.9 Transmutations
 + Level 0.2 Fire Magic
 + Level 11.3 Air Magic


You had 25 spell levels left.
You knew the following spells:

 Your Spells              Type           Power        Failure   Level  Hunger
a - Airstrike             Air            ######....   1%          4    None
b - Iskenderun's Mystic   Conj           ######..     1%          3    None
c - Magic Dart            Conj           ####         1%          1    None
d - Irradiate             Conj/Tmut      ######....   2%          5    None
e - Sticky Flame          Conj/Fire      ######..     4%          4    None
x - Iskenderun's Battles  Conj/Chrm      ######..     9%          5    None
z - Searing Ray           Conj           ######..     1%          2    None

Your spell library contained the following spells:

 Spells                   Type           Power        Failure   Level  Hunger
 Icicle Burst             Conj/Ice       ######....   90%         7    None
 Shock                    Conj/Air       #####        1%          1    None
 Conjure Flame            Conj/Fire      ######..     1%          3    None
 Mephitic Cloud           Conj/Pois/Air  ######..     1%          3    None
 Static Discharge         Air            ######..     1%          3    None
 Lightning Bolt           Conj/Air       ######....   1%          5    None
 Swiftness                Chrm/Air       #####...     3%          2    None
 Fulminant Prism          Conj/Hex       ######....   4%          4    None
 Sandblast                Erth           ###...       8%          1    None
 Yara's Violent Unravell  Hex/Tmut       #####.....   14%         4    None
 Spider Form              Tmut/Pois      ###          16%         3    None
 Infusion                 Chrm           ###.....     19%         1    None
 Inner Flame              Hex/Fire       N/A          19%         3    None
 Apportation              Tloc           ###...       26%         1    None
 Corona                   Hex            ###....      26%         1    None
 Slow                     Hex            ###.....     26%         1    None
 Summon Butterflies       Summ           ###.....     26%         1    None
 Blink                    Tloc           N/A          38%         2    None
 Call Imp                 Summ           ###...       38%         2    None
 Shackle                  Hex            ###.....     38%         2    None
 Spectral Weapon          Hex/Chrm       ###.....     52%         3    None
 Beckoning                Tloc           ###.......   58%         3    None
 False Image              Hex/Summ       ###.....     58%         3    None
 Portal Projectile        Tloc           ###...       58%         3    None
 Cause Fear               Hex            ###.......   92%         4    None
 Force Lance              Tloc           ###.....     92%         4    None
 Deflect Missiles         Chrm/Air       #####.....   96%         6    None
 Death Channel            Chrm/Necr      ###.......   100%        6    None
 Dispersal                Tloc           ###.......   100%        6    None
 Steam Barrier            Chrm/Fire      ###.......   100%        6    None
 Controlled Blink         Tloc           ###.....     100%        7    None


Dungeon Overview and Level Annotations

Branches:
Dungeon (12/12)            Temple (1/1) D:5            Lair (6/6) D:9
 Shoals (0/3) Lair:3        Snake (0/3) Lair:2        Slime (0/5) Lair:6
    Orc (0/1) D:9          Vaults (0/3) D:11
 Depths: D:12

Altars:
Ashenzari
Cheibriados
Dithmenos
Elyvilon
Fedhas
Gozag
Hepliaklqana
Kikubaaqudgha
Lugonu
Makhleb
Nemelex Xobeh
Okawaru
Qazlal
Ru
Sif Muna
Trog
Uskayaw
Vehumet
Wu Jian
Xom
Yredelemnul
Zin
The Shining One
Jiyva

Shops:
D:6 !   D:9 =   D:11 [

Annotations:
D:3 2 transporters, RaHiT's ghost, amateur FrWr
D:5 3 runed translucent doors, izumii3's ghost, novice CeSk
D:9 1 runed door
Lair:1 1 runed translucent door, pheathergobbo575's ghost, journeyman MiFi
Lair:3 1 runed door


Innate Abilities, Weirdness & Mutations

Your spells do not cause hunger and MP costs are reduced by 1.
Your bright wings attract enemies. (Stealth-)
You cannot fit into any form of body armour.
Your shimmering scales are hard and can block incoming attacks. (AC +8, SH +8)
You are small and have problems with some larger weapons.
You can fly continuously.


Message History

The tengu warrior shouts!
You hit the ettin.
The ettin is lightly wounded.
No path to travel!
You hit the ettin.
The ettin is lightly wounded.
You block the ettin's attack. x2
No path to travel!
The gargoyle hurls a stone arrow at you.
The stone arrow misses you.
The ettin hits you with a +0 dire flail!!!
* * * LOW HITPOINT WARNING * * *
The ettin barely misses you.
Casting: Airstrike (safe; 1% risk of failure)
Confirm with . or Enter, or press ? or * to list all spells.
You miscast Iskenderun's Battlesphere.
You are very lightly contaminated with residual magic.
You experience a momentary feeling of inescapable doom!
The ettin hits you with a +0 dire flail!!
You die...

#. ..........÷.# #.
#.# #.##.#..#####
#. #..# #.##.#.÷#
#. ... #.##.#..# #.
#.##.##.#..########
##
#..#.##..#.........
#
#....##.#..#######.
# #...Q##.##.# .
#.#.#9C@.##.# #
..#..)O#####.. #
##.#...## ##.# # .
#...# .# # # #####
.# # ###### #.....
#..### #..###


You could see an ettin, a tengu warrior, a two-headed ogre and a gargoyle.

Vanquished Creatures
  Gastronok (Lair:2)
  A minotaur (Gauntlet)
  Urug (Lair:5)
  7 hydras
  2 catoblepae
  2 centaur warriors
  2 ogre magi
  3 alligators
  A deep troll shaman (Lair:6)
  4 two-headed ogres
  13 death yaks
  2 tengu warriors
  A fire crab (shapeshifter) (D:11)
  A deep elf knight (D:12)
  A swamp dragon (Lair:5)
  3 ugly things
  2 manticores (D:8)
  8 elephants (Lair:6)
  3 black mambas
  2 ice statues (IceCv)
  8 cane toads
  A centaur skeleton (D:12)
  A gargoyle (D:8)
  2 rime drakes
  An ice devil (Gauntlet)
  5 komodo dragons
  7 trolls
  6 meliai
  A polar bear (Lair:6)
  3 hornets
  A merfolk (D:8)
  17 blink frogs
  3 slime creatures
  13 hippogriffs
  3 shadows
  7 wyverns
  27 yaks
  3 vampire mosquitoes
  A hungry ghost (D:7)
  Menkaure (D:7)
  5 nagas (Lair:2)
  15 crocodiles
  2 swamp worms (Lair:5)
  An acid dragon (Lair:2)
  14 water moccasins
  7 porcupines
  A swamp drake (Lair:5)
  20 ice beasts
  10 orc warriors
  3 phantoms
  2 sky beasts
  An eye of draining (D:9)
  14 black bears
  A necrophage (D:5)
  6 ogres
  12 wolves
  12 centaurs
  27 bullfrogs
  3 gnoll sergeants (D:8)
  3 scorpions
  19 killer bees
  A vampire bat (Lair:3)
  4 wights
  9 electric eels
  9 crimson imps
  2 howler monkeys
  3 centaur zombies
  7 hounds
  4 jellies
  3 gnoll shamans (D:8)
  6 orc priests
  3 iguanas
  11 orc wizards
  7 worker ants
  A hound skeleton (D:7)
  A worker ant zombie (D:9)
  9 adders
  10 gnolls
  3 shadow imps
  3 white imps
  3 oozes
  2 adder zombies
  4 adder skeletons
  3 dart slugs
  2 leopard geckos
  32 orcs
  13 bats
  5 giant cockroaches
  5 goblins
  7 hobgoblins
  18 jackals
  3 quokkas
  A ball python (D:2)
  5 frilled lizards
  4 kobolds
  5 rats
  A plant (D:8)
558 creatures vanquished.

Vanquished Creatures (collateral kills)
  A bat (Lair:3)
1 creature vanquished.

Vanquished Creatures (others)
  5 fungi
  15 plants
20 creatures vanquished.

Grand Total: 579 creatures vanquished

Notes
Turn   | Place    | Note
-------+----------+-------------------------------------------
     0 | D:1      | Morbidden the Fairy Conjurer began the quest for the Orb.
     0 | D:1      | Reached XP level 1. HP: 11/11 MP: 6/6
    10 | D:1      | Reached skill level 5 in Conjurations
    54 | D:1      | Reached XP level 2. HP: 17/17 MP: 7/7
   113 | D:1      | Learned a level 2 spell: Searing Ray
   289 | D:1      | Reached skill level 3 in Spellcasting
   304 | D:1      | Reached XP level 3. HP: 21/21 MP: 9/9
   709 | D:2      | Found a glowing silver altar of Zin.
   709 | D:2      | Noticed an angel
   710 | D:2      | Found a shimmering altar of Xom.
   866 | D:2      | Learned a level 3 spell: Iskenderun's Mystic Blast
   980 | D:2      | Reached XP level 4. HP: 27/27 MP: 8/10
  1981 | D:3      | Found a shattered altar of Ashenzari.
  2006 | D:3      | Noticed RaHiT's ghost (amateur FrWr)
  2008 | D:3      | Found a transporter.
  2068 | D:3      | Found a transporter.
  2370 | D:4      | Reached XP level 5. HP: 31/31 MP: 7/12
  2387 | D:4      | Reached skill level 4 in Spellcasting
  2443 | D:4      | Reached XP level 6. HP: 36/36 MP: 12/14
  2619 | D:4      | Found a hide-covered altar of Uskayaw.
  2750 | D:4      | Got a translucent marble ring
  2915 | D:5      | Entered Level 5 of the Dungeon
  2916 | D:5      | Noticed an ice beast
  2923 | D:5      | Killed an ice beast
  2924 | D:5      | Reached skill level 5 in Spellcasting
  2969 | D:5      | Reached XP level 7. HP: 34/41 MP: 2/17
  3172 | D:5      | Reached skill level 6 in Spellcasting
  3299 | D:5      | Found a staircase to the Ecumenical Temple.
  3319 | Temple   | Entered the Ecumenical Temple
  3341 | Temple   | Became a worshipper of Vehumet
  3379 | D:5      | Identified the cursed ring of Exao {Str+3 Stlth--} (You
                  | found it on level 4 of the Dungeon)
  3387 | D:5      | Learned a level 5 spell: Irradiate
  3440 | D:5      | Found a runed translucent gate.
  3441 | D:5      | Found a runed translucent gate.
  3441 | D:5      | Noticed izumii3's ghost (novice CeSk)
  3442 | D:5      | Identified the +12 dagger of Okawaru's Delight {drain, MR+}
  3445 | D:5      | Found a runed translucent gate.
  3460 | D:5      | Reached XP level 8. HP: 46/46 MP: 15/20
  3590 | D:5      | Reached skill level 7 in Spellcasting
  3893 | D:6      | Reached skill level 1 in Fighting
  3895 | D:6      | Reached skill level 1 in Transmutations
  3934 | D:6      | Noticed a hippogriff
  3939 | D:6      | Killed a hippogriff
  3940 | D:6      | Reached skill level 8 in Spellcasting
  4089 | D:6      | Reached * piety under Vehumet
  4089 | D:6      | Offered knowledge of Shock by Vehumet.
  4359 | D:6      | Found a shadowy altar of Dithmenos.
  4367 | D:6      | Reached XP level 9. HP: 54/54 MP: 12/23
  4393 | D:6      | Found a hazy altar of Hepliaklqana.
  4394 | D:6      | Found a corrupted altar of Lugonu.
  4566 | D:6      | Reached skill level 9 in Spellcasting
  4568 | D:6      | Reached skill level 5 in Dodging
  4619 | D:6      | Found Kaehi's Distillery.
  4622 | D:6      | Bought 2 potions of heal wounds for 130 gold pieces
  4622 | D:6      | Bought a potion of mutation for 104 gold pieces
  4764 | D:6      | Found a stormy altar of Qazlal.
  5125 | D:7      | Noticed a troll
  5126 | D:7      | Reached skill level 10 in Conjurations
  5133 | D:7      | Noticed a troll
  5146 | D:7      | Noticed a troll
  5293 | D:6      | Killed a troll
  5310 | D:7      | Reached skill level 10 in Spellcasting
  5402 | D:7      | Killed a troll
  5403 | D:7      | Noticed Menkaure
  5408 | D:7      | Killed Menkaure
  5526 | D:7      | Killed a troll
  5527 | D:7      | Reached skill level 11 in Spellcasting
  5527 | D:7      | Reached XP level 10. HP: 61/61 MP: 10/27
  5570 | D:7      | Reached ** piety under Vehumet
  5570 | D:7      | Offered knowledge of Sting by Vehumet.
  6263 | D:7      | Offered knowledge of Inner Flame by Vehumet.
  6414 | D:8      | Reached *** piety under Vehumet
  6692 | D:8      | Reached skill level 12 in Spellcasting
  6765 | D:8      | Reached XP level 11. HP: 40/68 MP: 20/29
  6972 | D:8      | Found a shadowy altar of Dithmenos.
  7119 | D:8      | Offered knowledge of Ignite Poison by Vehumet.
  7172 | D:8      | Learned a level 4 spell: Airstrike
  7490 | D:8      | Noticed a two-headed ogre
  7495 | D:8      | Killed a two-headed ogre
  7496 | D:8      | Reached skill level 1 in Air Magic
  7540 | D:8      | Identified the ring of Keavaogg {Fire *Contam Int+5}
  7648 | D:8      | Noticed a manticore
  7651 | D:8      | Noticed a manticore
  7654 | D:8      | Killed a manticore
  7664 | D:8      | Killed a manticore
  7874 | D:8      | Reached **** piety under Vehumet
  7921 | D:8      | Reached skill level 13 in Spellcasting
  8202 | D:8      | Offered knowledge of Sticky Flame by Vehumet.
  8208 | D:8      | Learned a level 4 spell: Sticky Flame
  8783 | D:9      | Found a staircase to the Lair.
  8860 | D:9      | Noticed a cyan ugly thing
  8934 | D:9      | Killed a cyan ugly thing
  8997 | D:9      | Found Tuixi's Jewellery Boutique.
  9014 | D:9      | Found a runed door.
  9032 | D:9      | Reached skill level 5 in Air Magic
  9032 | D:9      | Reached XP level 12. HP: 76/76 MP: 8/31
  9163 | D:9      | Found a staircase to the Orcish Mines.
  9609 | D:10     | Entered Level 10 of the Dungeon
  9698 | D:10     | Noticed a tengu warrior
  9704 | D:10     | Killed a tengu warrior
  9802 | D:10     | Reached skill level 5 in Fighting
  9815 | D:10     | Reached ***** piety under Vehumet
  9823 | D:10     | Offered knowledge of Iskenderun's Battlesphere by Vehumet.
  9824 | D:10     | Reached skill level 14 in Spellcasting
 10796 | Lair:1   | Entered Level 1 of the Lair of Beasts
 10800 | Lair:1   | Identified 2 scrolls of acquirement
 10800 | Lair:1   | Identified the ring of the Moon {rN+ Int+2} (You acquired
                  | it on level 1 of the Lair of Beasts)
 10800 | Lair:1   | Identified Vehumet's Papyrus of Confrontation (You acquired
                  | it on level 1 of the Lair of Beasts)
 10807 | Lair:1   | Identified the +5 cloak of Tagrus {MP+9 Str+5 Int-4 Dex+3}
                  | (You acquired it on level 1 of the Lair of Beasts)
 10807 | Lair:1   | Identified the ring of Voefaff {MR- rCorr Str+4 Dex+8} (You
                  | acquired it on level 1 of the Lair of Beasts)
 10807 | Lair:1   | Identified the Tome of Supportive Transmutation (You
                  | acquired it on level 1 of the Lair of Beasts)
 10849 | Lair:1   | Reached skill level 5 in Transmutations
 11111 | Lair:1   | Noticed a six-headed hydra
 11118 | Lair:1   | Killed a six-headed hydra
 11119 | Lair:1   | Reached skill level 1 in Short Blades
 11843 | Lair:1   | Found a runed translucent door.
 11844 | Lair:1   | Noticed pheathergobbo575's ghost (journeyman MiFi)
 12037 | Lair:2   | Noticed a four-headed hydra
 12043 | Lair:2   | Killed a four-headed hydra
 12269 | Lair:2   | Reached XP level 13. HP: 83/83 MP: 27/33
 12368 | Lair:2   | Reached skill level 15 in Spellcasting
 12441 | Lair:2   | Found a staircase to the Snake Pit.
 12512 | Lair:2   | Noticed Gastronok
 12526 | Lair:2   | Killed Gastronok
 12647 | Lair:2   | Reached skill level 10 in Dodging
 12823 | Lair:2   | Learned a level 5 spell: Iskenderun's Battlesphere
 13246 | Lair:3   | Found a frozen archway.
 13260 | IceCv    | Entered an ice cave
 13280 | IceCv    | Found a transporter.
 13354 | IceCv    | Found a transporter.
 13416 | Lair:3   | Found a gate leading to a gauntlet.
 13429 | Gauntlet | Entered a Gauntlet
 13429 | Gauntlet | Found a transporter.
 13429 | Gauntlet | Found a transporter.
 13464 | Gauntlet | Found a transporter.
 13464 | Gauntlet | Found a transporter.
 13474 | Gauntlet | Found a transporter.
 13475 | Gauntlet | Found a transporter.
 13484 | Gauntlet | Found a transporter.
 13484 | Gauntlet | Found a transporter.
 13521 | Gauntlet | Found a transporter.
 13543 | Gauntlet | Found a transporter.
 13555 | Gauntlet | Found a transporter.
 13592 | Gauntlet | Found a transporter.
 13607 | Gauntlet | Found a transporter.
 13623 | Gauntlet | Found a transporter.
 13710 | Gauntlet | Found a transporter.
 13725 | Gauntlet | Found a transporter.
 14005 | Gauntlet | Got a pitted granite ring
 14006 | Gauntlet | Identified the ring of Bayl Wotre {Ice rElec} (You found it
                  | in a Gauntlet)
 14104 | Gauntlet | Identified the ring "Ogingu" {Str+2 Stlth++}
 14104 | Gauntlet | Noticed a minotaur
 14119 | Gauntlet | Killed a minotaur
 14449 | Gauntlet | Identified Huibror's Guide on Augmentations
 14707 | Lair:3   | Found a runed door.
 14710 | Lair:3   | Found a glowing golden altar of the Shining One.
 14761 | Lair:3   | Identified the -5 helmet "Ommieng" {rF+ MR+} (You acquired
                  | it on level 3 of the Lair of Beasts)
 14761 | Lair:3   | Identified the Almanac of Glacial Arcane Weapons (You
                  | acquired it on level 3 of the Lair of Beasts)
 14833 | Lair:3   | Reached skill level 16 in Spellcasting
 15016 | Lair:3   | Found a staircase to the Shoals.
 15370 | Lair:4   | Offered knowledge of Bolt of Draining by Vehumet.
 16019 | Lair:5   | Reached skill level 1 in Shields
 16019 | Lair:5   | Reached skill level 10 in Air Magic
 16180 | Lair:5   | Reached XP level 14. HP: 22/90 MP: 22/36
 16353 | Lair:5   | Noticed Urug
 16653 | Lair:5   | Killed Urug
 17489 | Lair:6   | Entered Level 6 of the Lair of Beasts
 17881 | Lair:6   | Offered knowledge of Icicle Burst by Vehumet.
 18222 | Lair:6   | Got a pitted bone ring
 18223 | Lair:6   | Identified the ring "Unufuffa" {Ice Stlth+} (You found it
                  | on level 6 of the Lair of Beasts)
 18511 | Lair:6   | Reached skill level 17 in Spellcasting
 18630 | Lair:6   | Reached XP level 15. HP: 62/97 MP: 20/38
 18798 | Lair:6   | Found a staircase to the Slime Pits.
 18802 | Lair:6   | Reached skill level 5 in Short Blades
 18802 | Lair:6   | Found a viscous altar of Jiyva.
 19778 | D:10     | Reached skill level 5 in Shields
 19855 | D:11     | Found Jiaromp's Armour Boutique.
 20092 | D:11     | Found a gate to the Vaults.
 20423 | D:12     | Entered Level 12 of the Dungeon
 20724 | D:12     | Slain by an ettin

Skill      XL: |  1  2  3  4  5  6  7  8  9 10 11 12 13 14 15 |
---------------+----------------------------------------------+-----
Conjurations   | 5 6 7 8 9 10 12 13 14 | 14.3
Spellcasting   | 3 4 5 6 8 11 12 13 14 16 17 | 17.7
Dodging        | 3 4 6 7 9 10 11 | 11.5
Stealth        | 2 |  2.6
Fighting       | 1 2 3 4 5 6 7 |  7.3
Transmutations | 1 2 3 4 5 6 7 |  7.9
Air Magic      | 5 8 10 11 | 11.3
Short Blades   | 1 3 4 5 |  5.7
Shields        | 1 4 5 |  5.5
Long Blades    | |  0.1
Throwing       | |  0.1
Unarmed Combat | |  0.9
Charms         | |  0.8
Fire Magic     | |  0.2

Action                   |  1- 3 |  4- 6 |  7- 9 | 10-12 | 13-15 || total
-------------------------+-------+-------+-------+-------+-------++-------
Melee: Unarmed           |       |     6 |       |       |       ||     6
       Falchion          |       |       |       |    18 |       ||    18
       Dagger            |       |       |       |    88 |    72 ||   160
       Quick blade       |       |       |       |       |   331 ||   331
Throw: Tomahawk          |       |       |     1 |     5 |       ||     6
 Cast: Magic Dart        |    62 |    70 |    20 |       |       ||   152
       Searing Ray       |     2 |     9 |     8 |     3 |     1 ||    23
       Iskenderun's Myst |       |       |   104 |   231 |   243 ||   578
       Airstrike         |       |       |       |   245 |   332 ||   577
       Irradiate         |       |       |       |     2 |    12 ||    14
       Sticky Flame      |       |       |       |     1 |     7 ||     8
       Iskenderun's Batt |       |       |       |       |    22 ||    22
 Abil: Stop Flying       |       |     1 |       |       |       ||     1
       Fly               |       |       |       |     1 |       ||     1
Evoke: Wand              |       |       |       |       |     2 ||     2
  Use: Scroll            |       |     2 |     6 |     8 |    21 ||    37
       Potion            |       |       |       |       |     3 ||     3
  Eat: Chunk             |       |     4 |     9 |    29 |    39 ||    81
       Ration            |       |       |     1 |     1 |     2 ||     4
Armor: Skin              |     2 |     7 |    16 |    41 |   154 ||   220
Dodge: Dodged            |     1 |    31 |    39 |   194 |   424 ||   689
Block: Other             |     1 |     9 |    12 |    61 |    44 ||   127
       Medium shield     |       |       |       |       |   477 ||   477
